 Dungeon Crawl Stone Soup version 0.29-a0-553-g81b289dbe5 (webtiles) character file.

Game seed: 14495102528866399205

581 jlumianski the Skirmisher (level 7, -5/44 HPs)
             Began as a Gargoyle Fighter on June 7, 2022.
             Slain by an ogre
             ... wielding a +0 giant spiked club
              (27 damage)
             ... on level 4 of the Dungeon.
             The game lasted 00:10:45 (3281 turns).

jlumianski the Skirmisher (Gargoyle Fighter)        Turns: 3281, Time: 00:10:45

Health: -5/44      AC: 15    Str: 21    XL:     7   Next: 36%
Magic:  7/7        EV: 10    Int:  9    God:
Gold:   141        SH:  0    Dex:  9    Spells: 6/6 levels left

rFire   . . .      SeeInvis .   w - +4 quarterstaff (chaos)
rCold   + . .      Faith    .   (shield currently unavailable)
rNeg    + . .      Spirit   .   b - +0 scale mail
rPois   ∞          Reflect  .   y - +0 helmet
rElec   +          Harm     .   x - +1 cloak
rCorr   .          Rampage  .   (no gloves)
Will    .....                   (no boots)
Stlth   ..........              o - amulet of regeneration
HPRegen 0.94/turn               m - ring of protection from cold
MPRegen 0.10/turn               (no ring)

@: no status effects
A: sickness immunity, AC +4, negative energy resistance 1, electricity
resistance, torment resistance 1, petrification resistance
a: no special abilities


You were on level 4 of the Dungeon.
You visited 1 branch of the dungeon, and saw 6 of its levels.

You collected 141 gold pieces.

Inventory:

Hand Weapons
 a - a +0 war axe
 w - a +4 quarterstaff of chaos (weapon)
 C - a +4 dagger of protection
Missiles
 g - 72 stones
 r - 3 javelins
 u - 10 poisoned darts (quivered)
 G - 4 atropa-tipped darts
Armour
 b - a +0 scale mail (worn)
 c - a +0 buckler
 x - a +1 cloak (worn)
 y - a +0 helmet (worn)
 E - a scarf of invisibility
Jewellery
 f - an amulet of faith
 m - a ring of protection from cold (left hand)
 o - an amulet of regeneration (around neck)
Wands
 F - a wand of polymorph (2)
Scrolls
 e - 2 scrolls of enchant weapon {unknown}
 h - a scroll of fear {unknown}
 j - a scroll of brand weapon {unknown}
 k - 2 scrolls of identify {unknown}
 p - a scroll of enchant armour {unknown}
 v - a scroll of amnesia {unknown}
 B - 2 scrolls of poison {unknown}
 D - 2 scrolls of teleportation {unknown}
Potions
 d - a potion of might
 i - 2 potions of degeneration {unknown}
 l - a potion of mutation {unknown}
 n - a potion of attraction {unknown}
 q - a potion of cancellation {unknown}
 s - a potion of curing {unknown}
 t - a potion of heal wounds {unknown}
 z - 2 potions of invisibility {unknown}
 A - a potion of haste {unknown}


   Skills:
 + Level 4.7 Fighting
 - Level 3.5 Axes
 * Level 4.6 Staves
 + Level 4.2 Armour
 + Level 1.2 Dodging
 + Level 0.9 Stealth
 + Level 3.7 Shields


You had 6 spell levels left.
You didn't know any spells.
Your spell library contained the following spells:

 Spells                   Type           Power      Damage    Failure   Level
 Ensorcelled Hibernation  Hex/Ice        0%         N/A       85%         2
 Frozen Ramparts          Ice            0%         1d2       97%         3
 Spider Form              Tmut/Pois      0%         N/A       97%         3
 Anguish                  Hex/Necr       0%         N/A       100%        4
 Ice Form                 Ice/Tmut       0%         N/A       100%        4
 Summon Ice Beast         Ice/Summ       0%         N/A       100%        4


Dungeon Overview and Level Annotations

Branches:
Dungeon (6/15)
 Temple: D:4-7

Altars:


Innate Abilities, Weirdness & Mutations

You are immune to sickness and miasma.
Your stone body is resilient. (AC +4)
You are immune to poison.
You resist negative energy. (rN+)
You are resistant to electric shocks. (rElec)
You are resistant to unholy torment.
You are immune to petrification.


Message History

Found an escape hatch in the floor.
The endoplasm barely misses you.
You hit the endoplasm.
You kill the endoplasm!
You see here a +0 ring mail.
Found a stone staircase leading down.
There is a stone staircase leading down here.
You climb downwards.
There is a stone staircase leading up here.
An orc comes into view. It is wielding a +0 falchion.
The orc shouts!
You barely miss the orc. The orc closely misses you.
You thump the orc!
You kill the orc!
Things that are here:
a +0 falchion; an orc corpse
Things that are here:
a +0 falchion; an orc corpse
There is a stone staircase leading up here.
You climb upwards.
There is a stone staircase leading down here.
Found a cloak.
An adder comes into view.
The adder hisses angrily.
You hear a shout!
An ogre comes into view. It is wielding a +0 giant spiked club.
The ogre shouts!
You sock the adder!
You kill the adder!
You see here an adder corpse.
You completely miss the ogre.
The ogre hits you with a +0 giant spiked club.
You hit the ogre.
The ogre is lightly wounded.
You hit the ogre.
The ogre is poisoned.
The ogre is moderately wounded.
The ogre hits you with a +0 giant spiked club!!
You barely miss the ogre.
The ogre is moderately wounded.
The ogre hits you with a +0 giant spiked club!!
Ouch! That really hurt!
You die...

# #. ####.## #.. #
#####.......##... .#
#####..........##.... ..
##..#...†@O.....###...###.
###.....................#...
###.........................#.
#...............##... #...<..
###...........[..# .. ##......
##............... .##......[
##...............# #........
#..>.#....#......##...###...
##..##....##.....#...# ##...


You could see an ogre (very poisoned).

Vanquished Creatures
  Grinder (D:3)
  A black bear (D:4)
  A hound (D:3)
  Crazy Yiuf (D:2)
  Jessica (D:2)
  2 orc wizards (D:4)
  Terence (D:3)
  Robin (D:3)
  6 adders
  A worm (D:2)
  3 dart slugs
  4 orcs
  2 bats (D:3)
  8 endoplasms
  2 giant cockroaches (D:1)
  8 hobgoblins
  4 jackals (D:3)
  2 quokkas (D:2)
  6 ball pythons
  6 frilled lizards
  11 goblins
  6 kobolds
  7 rats
85 creatures vanquished.

Vanquished Creatures (others)
  A fungus (D:2)
1 creature vanquished.

Grand Total: 86 creatures vanquished

Notes
Turn   | Place    | Note
-------+----------+-------------------------------------------
     0 | D:1      | jlumianski the Gargoyle Fighter began the quest for the
                  | Orb.
     0 | D:1      | Reached XP level 1. HP: 14/14 MP: 1/1
   466 | D:1      | Reached XP level 2. HP: 19/19 MP: 2/2
   690 | D:2      | Noticed Jessica
   709 | D:1      | Reached XP level 3. HP: 23/23 MP: 3/3
   881 | D:1      | Found a faded altar of an unknown god.
   881 | D:1      | Noticed a Tzitzimitl
  1135 | D:3      | Noticed Terence
  1175 | D:2      | Killed Jessica
  1176 | D:2      | Reached XP level 4. HP: 22/28 MP: 4/4
  1505 | D:2      | Found a runed translucent door.
  1506 | D:2      | Noticed Crazy Yiuf
  1712 | D:2      | Killed Crazy Yiuf
  1713 | D:2      | Reached XP level 5. HP: 4/33 MP: 2/5
  2124 | D:3      | Noticed Robin
  2152 | D:3      | Killed Robin
  2199 | D:4      | Reached skill level 1 in Staves
  2267 | D:4      | Reached XP level 6. HP: 33/38 MP: 6/6
  2368 | D:5      | Entered Level 5 of the Dungeon
  2530 | D:4      | Noticed a black bear
  2542 | D:4      | Killed a black bear
  2543 | D:4      | Reached skill level 1 in Dodging
  2676 | D:3      | Killed Terence
  2773 | D:3      | Noticed Grinder
  2778 | D:3      | Paralysed by Grinder for 3 turns
  2783 | D:3      | Killed Grinder
  2784 | D:3      | Reached XP level 7. HP: 44/44 MP: 7/7
  3281 | D:4      | Slain by an ogre

Illustrated notes

Levels and vault maps discovered:
D:1:      dpeg_arrival_tiny_g, layout_loops_corners,
          dreamdust_ecumenical_altar_sealed_demon, minmay_fountain_box,
          minmay_tromino_v4_b
D:2:      layout_basic, uniq_crazy_yiuf_cottage, uniq_jessica
D:3:      layout_basic, grunt_decor_one_mirror, uniq_terence, uniq_robin,
          uniq_grinder
D:4:      layout_cave_pools, mainiacjoe_overflow_chevrons
D:5:      layout_basic, vehumet_crystals, dreamdust_princess_bridge,
          kennysheep_minor_cross
D:6:      layout_cave_pools, gammafunk_temple_overflow_wave,
          wad_floor_pattern_untrapped, uniq_maggie, uniq_pikel, uniq_edmund

Skill      XL: |  1  2  3  4  5  6 |
---------------+-------------------+-----
Axes           | 2 3 |  3.5
Fighting       | 4 |  4.7
Staves         | 2 4 |  4.6
Armour         | 4 |  4.2
Dodging        | 1 |  1.2
Stealth        | |  0.9
Shields        | |  3.7

Action                   |  1- 3 |  4- 6 |  7- 9 || total
-------------------------+-------+-------+-------++-------
Melee: War axe           |    69 |    53 |       ||   122
       Quarterstaff      |       |   126 |     9 ||   135
       Unarmed           |       |     6 |       ||     6
Throw: Dart              |       |     3 |       ||     3
 Stab: Paralysed         |       |     1 |       ||     1
Armor: Scale mail        |    36 |   118 |       ||   154
Dodge: Dodged            |    39 |   122 |     2 ||   163
Block: Buckler           |    11 |    16 |       ||    27

Table legend: (Time is in decaauts)
 A = Elapsed time spent in this place.
 B = Non-inter-level travel time spent in this place.
 C = Inter-level travel time spent in this place.
 D = Time resting spent in this place.
 E = Time spent auto-exploring this place.
 F = Levels seen in this place.
 G = Mean time per level.
                   A        B        C        D        E       F      G
               +--------+--------+--------+--------+--------+-----+--------+
         Total |   3355 |   3271 |     84 |    140 |   1828 |   6 |  559.2 |
       Dungeon |   3355 |   3271 |     84 |    140 |   1828 |   6 |  559.2 |
               +--------+--------+--------+--------+--------+-----+--------+

Top non-repeatable levels by time:
     D:2: 1048 daAuts
     D:1: 1013 daAuts
     D:3: 833 daAuts
     D:4: 331 daAuts
     D:5: 114 daAuts
     D:6: 13 daAuts
